 Dungeon Crawl Stone Soup version 0.25-a0-356-g7c9d860b3b (webtiles) character file.

Game seed: 10160731416244043199, levelgen mode: deterministic

20258 Borgoz the Basher (level 12, -1/79 HPs)
             Began as a Gargoyle Gladiator on Jan 3, 2020.
             Was a High Priest of the Shining One.
             Killed from afar by a gargoyle (12 damage)
             ... with a stone arrow
             ... in a Gauntlet.
             The game lasted 00:22:37 (12913 turns).

Borgoz the Basher (Gargoyle Gladiator)             Turns: 12913, Time: 00:22:38

Health: -1/79      AC: 19    Str: 21    XL:     12   Next: 77%
Magic:  12/12      EV: 13    Int: 11    God:    the Shining One [*****.]
Gold:   718        SH:  4    Dex:  6    Spells: 11/11 levels left

rFire    + . .     SeeInvis .   y - +0 flail (crush)
rCold    + + +     Gourm    .   o - +0 buckler
rNeg     + + +     Faith    .   v - +3 leather armour "Vunkapt" {rN+}
rPois    ∞         Spirit   .   c - +0 helmet
rElec    +         Reflect  .   (no cloak)
rCorr    .         Harm     .   (no gloves)
MR       .....     NoTele   +   E - +0 pair of boots
Stlth    +.........             u - amulet of the acrobat
HPRegen  0.23/turn              I - ring of protection from cold
MPRegen  0.13/turn              K - ring "Majal" {*Corrode rF+ rC++ rN+++ Dex-5}

@: glowing
A: negative energy resistance 1, electricity resistance, unbreathing,
petrification resistance, rot immunity, AC +8
a: Divine Shield, Cleansing Flame, Summon Divine Warrior, Renounce Religion


You were in a Gauntlet.
You worshipped the Shining One.
The Shining One was extremely pleased with you.
You were not hungry.

You visited 2 branches of the dungeon, and saw 14 of its levels.
You also visited: Gauntlet.

You collected 867 gold pieces.
You spent 149 gold pieces at shops.

Inventory:

Hand Weapons
 a - the cursed +0 hunting sling of Lulest {flame, *Corrode +Fly Int+5, unknown}
   (You found it on level 7 of the Dungeon)

   It causes projectiles fired from it to burn those they strike, causing extra
   injury to most foes and up to half again as much damage against particularly
   susceptible opponents.
   It affects your intelligence (+5).
   It lets you fly.
   It may corrode you when you take damage.
   It has a curse placed upon it.
 y - a +0 flail of crushing (weapon)
 G - a +0 dire flail
 H - a +0 morningstar
Missiles
 m - 4 throwing nets (quivered)
Armour
 c - a +0 helmet (worn)
 o - a +0 buckler (worn)
 v - the +3 leather armour "Vunkapt" (worn) {rN+}
   (You found it on level 5 of the Dungeon)

   It protects you from negative energy.
 E - a +0 pair of boots (worn)
Jewellery
 u - an amulet of the acrobat (around neck)
 I - a ring of protection from cold (left hand)
 K - the ring "Majal" (right hand) {*Corrode rF+ rC++ rN+++ Dex-5}
   (You found it in a Gauntlet)

   [ring of protection from fire]

   It affects your dexterity (-5).
   It protects you from fire.
   It greatly protects you from cold.
   It renders you almost immune to negative energy.
   It may corrode you when you take damage.
Wands
 n - a wand of digging (4)
 A - a wand of paralysis (12)
 D - a wand of disintegration (10)
 F - a wand of flame (33)
Scrolls
 d - 3 scrolls of fear
 e - 4 scrolls of teleportation
 h - 2 scrolls of enchant armour {unknown}
 i - 2 scrolls of noise {unknown}
 j - 4 scrolls of magic mapping
 l - 3 scrolls of enchant weapon
 q - 6 scrolls of remove curse
 s - 3 scrolls of amnesia {unknown}
 x - a scroll of random uselessness {unknown}
Potions
 g - 4 potions of flight
 k - 2 potions of haste
 t - 2 potions of mutation
 w - a potion of brilliance
 C - a potion of agility
Comestibles
 b - 8 chunks of flesh
 f - 16 rations


   Skills:
 + Level 10.8 Fighting
 * Level 13.6 Maces & Flails
 - Level 1.7 Throwing
 + Level 10.4 Armour
 + Level 5.8 Dodging
 - Level 5.0 Shields


You had 11 spell levels left.
You didn't know any spells.
Your spell library contained the following spells:

 Spells                   Type           Power        Failure   Level  Hunger
 Animate Skeleton         Necr           N/A          36%         1    ##.....
 Apportation              Tloc           #.....       36%         1    ##.....
 Confusing Touch          Hex            #.....       36%         1    ##.....
 Sting                    Tmut/Pois      #...         36%         1    ##.....
 Summon Small Mammal      Summ           #...         36%         1    ##.....
 Poisonous Vapours        Pois/Air       #.....       52%         2    ###....
 Ignite Poison            Fire/Tmut/Pois #.......     75%         3    ####...
 Mephitic Cloud           Conj/Pois/Air  #.......     75%         3    ####...
 Olgreb's Toxic Radiance  Pois           #.......     98%         4    #####..


Dungeon Overview and Level Annotations

Branches:
Dungeon (13/15)            Temple (1/1) D:4            Lair (0/6) D:9
    Orc (0/2) D:9         Gauntlet (1/1)
 Vaults: D:13-14

Altars:
Ashenzari
Cheibriados
Dithmenos
Elyvilon
Fedhas
Gozag
Hepliaklqana
Kikubaaqudgha
Makhleb
Nemelex Xobeh
Okawaru
Qazlal
Ru
Sif Muna
Trog
Uskayaw
Vehumet
Wu Jian
Xom
Yredelemnul
Zin
The Shining One

Shops:
D:5 ?   D:6 *

Annotations:
D:9 3 runed translucent doors, bmj180's ghost, novice SpVM Gauntlet 7 transporters


Innate Abilities, Weirdness & Mutations

You are resistant to torment.
Your stone body is resilient. (AC +8)
You are immune to poison.
You resist negative energy. (rN+)
You are resistant to electric shocks. (rElec)
You can survive without breathing.
You are immune to petrification.
You are immune to rotting.


Message History

The gargoyle is caught in the net!
You are too injured to fight recklessly!
You are too injured to fight recklessly!
You hit the gargoyle but do no damage.
The gargoyle hurls a stone arrow at you.
The stone arrow hits you! The Shining One protects you from harm!
The gargoyle struggles against the net.
You hit the gargoyle.
The gargoyle is moderately damaged.
You hit the gargoyle but do no damage.
The gargoyle is moderately damaged.
The gargoyle struggles against the net.
You sock the gargoyle!
The gargoyle is severely damaged.
You hit the gargoyle.
The gargoyle is almost destroyed.
The gargoyle hurls a stone arrow at you.
The stone arrow hits you!
You die...

##...#..#FGN......#...#...
#...#..###########...####
.##.©.#≈.............≈.....
......#∩............≈8≈....
.##.©.#≈.............≈.....
#...#..###########...####
##...#..#.........#...#...
...8.#..#..##.##..#...#.##
.##...#..#@##...##.#####..#
#.8.#..#9#.99..#.#...#...
#...#..#9..99...9#©.©#©..
#§8§#..#%#.....#.#...#...
#####..#$##...##.#####..#
#..#..##.##..#...#.##
###..#.........#.8.#...
#8#..###########...####
###....................


You could see a molten gargoyle and a gargoyle (caught).

Vanquished Creatures
  Josephine (D:12)
  Harold (D:9)
  A catoblepas (Gauntlet)
  Erolcha (D:12)
  A two-headed ogre (D:12)
  An unseen horror (D:10)
  A necromancer (Gauntlet)
  3 ugly things
  A cyclops (D:11)
  A molten gargoyle (Gauntlet)
  A gargoyle (Gauntlet)
  2 trolls
  3 meliai (D:13)
  Grinder (D:3)
  A hornet (D:8)
  A hippogriff (D:9)
  Sigmund (D:4)
  11 yaks
  6 wraiths (D:12)
  A wyvern (D:9)
  3 hungry ghosts
  Menkaure (D:4)
  2 swamp worms (Gauntlet)
  An acid dragon (D:11)
  A soldier ant (D:11)
  2 porcupines
  A water moccasin (D:10)
  5 black bears
  10 orc warriors
  A phantom (D:12)
  3 sky beasts
  A necrophage (D:10)
  An ice beast (D:9)
  5 ogres
  5 wolves (Gauntlet)
  2 centaurs
  A big kobold (D:12)
  11 bullfrogs
  A wyvern zombie (D:12)
  4 scorpions
  18 killer bees
  5 howler monkeys
  3 wights (D:11)
  2 centaur zombies
  3 crimson imps
  2 quasits
  5 bullfrog skeletons
  7 hounds
  3 jellies
  17 orc wizards
  7 orc priests
  4 centaur skeletons
  2 iguanas
  Ijyb (D:3)
  7 worker ants
  2 hound skeletons
  A hound zombie (D:5)
  14 adders
  4 shadow imps
  An ooze (D:1)
  An adder zombie (D:6)
  3 dart slugs
  6 leopard geckos
  49 orcs
  13 bats
  5 giant cockroaches
  7 goblins
  8 hobgoblins
  18 jackals
  4 kobolds
  2 quokkas
  5 ball pythons
  5 frilled lizards
  A jackal skeleton (D:4)
  A leopard gecko zombie (D:5)
  A quokka zombie (D:5)
  9 rats
347 creatures vanquished.

Vanquished Creatures (others)
  20 fungi (D:9)
  A plant (D:9)
21 creatures vanquished.

Grand Total: 368 creatures vanquished

Notes
Turn   | Place    | Note
-------+----------+-------------------------------------------
     0 | D:1      | Borgoz the Gargoyle Gladiator began the quest for the Orb.
     0 | D:1      | Reached XP level 1. HP: 12/12 MP: 1/1
   130 | D:1      | Reached XP level 2. HP: 18/18 MP: 2/2
   287 | D:1      | Reached skill level 1 in Armour
   479 | D:1      | Reached XP level 3. HP: 22/22 MP: 3/3
  1182 | D:2      | Found a burning altar of Makhleb.
  1187 | D:2      | Reached skill level 4 in Maces & Flails
  1187 | D:2      | Reached XP level 4. HP: 24/28 MP: 4/4
  1248 | D:2      | Found a white marble altar of Elyvilon.
  1474 | D:2      | Reached XP level 5. HP: 29/32 MP: 5/5
  1803 | D:3      | Noticed an ogre
  1816 | D:3      | Killed an ogre
  1816 | D:3      | Reached skill level 5 in Maces & Flails
  1816 | D:3      | Reached XP level 6. HP: 10/38 MP: 6/6
  2091 | D:3      | Noticed Ijyb
  2123 | D:3      | Killed Ijyb
  2629 | D:3      | Noticed Grinder
  2642 | D:3      | Killed Grinder
  2642 | D:3      | Reached skill level 6 in Maces & Flails
  2642 | D:3      | Reached XP level 7. HP: 37/44 MP: 7/7
  3154 | D:4      | Noticed a water elemental
  3168 | D:4      | Found a stormy altar of Qazlal.
  3169 | D:4      | Noticed a fire elemental
  3169 | D:4      | Noticed an air elemental
  3343 | D:4      | Noticed Menkaure
  3348 | D:4      | Killed Menkaure
  3348 | D:4      | Reached skill level 5 in Fighting
  3390 | D:4      | Reached XP level 8. HP: 44/49 MP: 8/8
  3396 | D:4      | Found a staircase to the Ecumenical Temple.
  3423 | D:4      | Noticed Sigmund
  3440 | D:4      | Killed Sigmund
  3440 | D:4      | Reached skill level 7 in Maces & Flails
  3455 | Temple   | Entered the Ecumenical Temple
  3648 | Temple   | Became a worshipper of the Shining One
  3963 | D:5      | Entered Level 5 of the Dungeon
  3963 | D:5      | Found Aplassuh's Magic Scroll Boutique.
  3981 | D:5      | Bought a scroll of identify for 26 gold pieces
  3981 | D:5      | Bought a scroll of identify for 26 gold pieces
  3981 | D:5      | Bought a scroll of identify for 26 gold pieces
  3981 | D:5      | Bought a scroll of magic mapping for 45 gold pieces
  3981 | D:5      | Bought a scroll of identify for 26 gold pieces
  4166 | D:5      | Reached skill level 5 in Armour
  4747 | D:5      | Got a dazzling leather armour
  4758 | D:5      | Identified the +3 leather armour "Vunkapt" {rN+} (You found
                  | it on level 5 of the Dungeon)
  5244 | D:6      | Found Qagrorch's General Store.
  5290 | D:6      | Reached skill level 8 in Maces & Flails
  5467 | D:6      | Reached XP level 9. HP: 46/56 MP: 9/9
  5529 | D:6      | Found a bloodstained altar of Trog.
  5644 | D:6      | Found an ornate altar of the Wu Jian Council.
  5917 | D:7      | Reached * piety under the Shining One
  5917 | D:7      | Reached skill level 9 in Maces & Flails
  6615 | D:7      | Got an encrusted hunting sling
  7003 | D:8      | Found a snail-covered altar of Cheibriados.
  7155 | D:8      | Reached skill level 10 in Maces & Flails
  7325 | D:8      | Noticed a hornet
  7338 | D:8      | Killed a hornet
  7338 | D:8      | Reached XP level 10. HP: 21/64 MP: 10/10
  7627 | D:9      | Found a staircase to the Lair.
  7627 | D:9      | Noticed Harold
  7756 | D:9      | Reached ** piety under the Shining One
  7792 | D:9      | Found a runed translucent gate.
  7831 | D:9      | Found a runed translucent gate.
  7844 | D:9      | Found a runed translucent gate.
  7845 | D:9      | Noticed bmj180's ghost (novice SpVM)
  7976 | D:9      | Reached skill level 1 in Shields
  7997 | D:9      | Reached skill level 11 in Maces & Flails
  8112 | D:10     | Entered Level 10 of the Dungeon
  8389 | D:9      | Killed Harold
  8758 | D:9      | Found an ancient bone altar of Kikubaaqudgha.
  8759 | D:9      | Found a shadowy altar of Dithmenos.
  8907 | D:9      | Reached XP level 11. HP: 40/71 MP: 11/11
  9096 | D:9      | Found a staircase to the Orcish Mines.
  9269 | D:10     | Noticed an unseen horror
  9285 | D:10     | Reached *** piety under the Shining One
  9286 | D:10     | Killed an unseen horror
  9342 | D:10     | Noticed a two-headed ogre
  9783 | D:10     | HP: 3/71 [yak (1)]
 10158 | D:10     | Reached skill level 12 in Maces & Flails
 10796 | D:11     | Reached **** piety under the Shining One
 10980 | D:11     | Found a sacrificial altar of Ru.
 11334 | D:11     | Noticed a brown ugly thing
 11348 | D:11     | Killed a brown ugly thing
 11578 | D:11     | Noticed a cyclops
 11586 | D:11     | Killed a cyclops
 11586 | D:11     | Reached skill level 5 in Shields
 11868 | D:12     | Noticed Erolcha
 11876 | D:12     | Killed Erolcha
 11876 | D:12     | Reached skill level 10 in Fighting
 11876 | D:12     | Reached XP level 12. HP: 73/77 MP: 12/12
 11991 | D:12     | Noticed a two-headed ogre
 12003 | D:12     | Killed a two-headed ogre
 12003 | D:12     | Reached skill level 5 in Dodging
 12043 | D:12     | Noticed Josephine
 12070 | D:12     | Killed Josephine
 12070 | D:12     | Reached skill level 13 in Maces & Flails
 12071 | D:12     | Reached skill level 10 in Armour
 12154 | D:12     | Reached ***** piety under the Shining One
 12285 | D:12     | Got a scorched quarterstaff
 12338 | D:12     | Identified the cursed +1 quarterstaff of Tas Egum {pain,
                  | rElec Dex+4} (You found it on level 12 of the Dungeon)
 12428 | D:13     | Found a gate leading to a gauntlet.
 12446 | Gauntlet | Entered a Gauntlet
 12446 | Gauntlet | Found a transporter.
 12446 | Gauntlet | Found a transporter.
 12446 | Gauntlet | Found a transporter.
 12446 | Gauntlet | Found the +6 Majin-Bo {vamp, Archmagi MP+6 Int+6}
 12462 | Gauntlet | Found a transporter.
 12466 | Gauntlet | Found a transporter.
 12480 | Gauntlet | Found a transporter.
 12481 | Gauntlet | Found a transporter.
 12490 | Gauntlet | Found a transporter.
 12517 | Gauntlet | Found a transporter.
 12517 | Gauntlet | Noticed a catoblepas
 12518 | Gauntlet | Found a transporter.
 12518 | Gauntlet | Found a transporter.
 12529 | Gauntlet | Found a transporter.
 12552 | Gauntlet | Noticed a great orb of eyes
 12552 | Gauntlet | a slime creature changed into a great orb of eyes
 12837 | Gauntlet | Got a warped platinum ring
 12849 | Gauntlet | Identified the ring "Majal" {*Corrode rF+ rC++ rN+++ Dex-5}
                  | (You found it in a Gauntlet)
 12881 | Gauntlet | HP: 3/79 [catoblepas (26)]
 12887 | Gauntlet | Killed a catoblepas
 12909 | Gauntlet | The Shining One protects you from harm!
 12913 | Gauntlet | Killed from afar by a gargoyle

Levels and vault maps discovered:
D:1:      dpeg_arrival_leaves_temple_mockup, layout_basic, minmay_tromino_i2
D:2:      layout_loops_ring, lemuel_round_altar, st_stairs_12,
          makhleb_heckhound_becter
D:3:      layout_basic, uniq_grinder, uniq_ijyb
D:4:      layout_gridville, nicolae_qazlal_style_of_elements,
          minmay_temple_entry_mini_moons, uniq_sigmund, uniq_menkaure
D:5:      layout_layer_cave, first_ration, serial_shops, shop
D:6:      layout_basic, lemuel_crystal_altar, old_standard_altar, serial_shops,
          shop
D:7:      layout_loops_corners, kennysheep_generic_room_11
D:8:      layout_loops_cross, cheibriados_altar_1
D:9:      layout_basic, minitemple, due_lair_maze_entry_diamond, david_orc_4,
          gammafunk_ghost_necromancy, uniq_harold
D:10:     layout_cave_pools
D:11:     layout_cave_pods, basic_altar
D:12:     layout_rooms, blue_anna_alchemist [blue_anna_fruit_fields,
          blue_anna_fruit_fields], corexii_leaking_fountain, uniq_erolcha,
          uniq_josephine
D:13:     layout_cave_pools, david_vaults_1, gauntlet_entry_generic,
          chequers_hall_statues_corner_a, columned_hall_lemuel,
          eino_house_with_fridge
Temple:   bh_familiar_temple
Gauntlet: gammafunk_gauntlet_hard_choice [nicolae_gauntlet_arena_x,
          gammafunk_gauntlet_arena_open, gammafunk_gauntlet_arena_chambers,
          gammafunk_gauntlet_arena_split_x, gammafunk_gauntlet_arena_grid,
          gammafunk_gauntlet_arena_split_diamond, gauntlet_exit_watery]

Skill      XL: |  1  2  3  4  5  6  7  8  9 10 11 12 |
---------------+-------------------------------------+-----
Armour         | 1 2 3 4 5 7 8 9 10 | 10.4
Fighting       | 3 4 5 6 8 9 10 | 10.8
Maces & Flails | 4 5 6 8 10 11 12 13 | 13.6
Shields        | 2 5 |  5.0
Dodging        | 3 4 5 |  5.8
Throwing       | |  1.7

Action                   |  1- 3 |  4- 6 |  7- 9 | 10-12 || total
-------------------------+-------+-------+-------+-------++-------
Melee: Flail             |    78 |   196 |   438 |   760 ||  1472
Throw: Throwing net      |       |     5 |     4 |     3 ||    12
Evoke: Wand              |       |       |       |    20 ||    20
  Use: Potion            |       |     5 |     3 |    16 ||    24
       Scroll            |       |     1 |     5 |     8 ||    14
 Stab: Distracted        |       |     1 |       |       ||     1
  Eat: Chunk             |       |     5 |    14 |    16 ||    35
       Ration            |       |       |     1 |     2 ||     3
Armor: Leather armour    |    34 |    97 |   145 |   367 ||   643
       Skin              |       |     9 |       |       ||     9
       Ring mail         |       |       |    78 |       ||    78
Dodge: Dodged            |    48 |   134 |   277 |   507 ||   966
Block: Buckler           |       |       |       |    16 ||    16

Table legend:
 A = Non-vault XP
 B = Vault XP
 C = Vault XP percentage of total XP
 D = Non-vault monster count
 E = Vault monster count
 F = Vault count percentage of total count
                 A         B        C        D         E       F
            +---------+---------+-------+---------+---------+-------
      Total |   18744 |   10197 |  35.2 |     289 |      58 |  16.7
            +---------+---------+-------+---------+---------+-------
        D:1 |      55 |       4 |   6.8 |      29 |       2 |   6.5
        D:2 |      95 |      46 |  32.6 |      20 |       3 |  13.0
        D:3 |     374 |     303 |  44.8 |      24 |       2 |   7.7
        D:4 |     188 |     406 |  68.4 |       8 |       2 |  20.0
        D:5 |     391 |       0 |   0.0 |      18 |       0 |   0.0
        D:6 |     731 |       0 |   0.0 |      23 |       0 |   0.0
        D:7 |     974 |      42 |   4.1 |      21 |       1 |   4.5
        D:8 |    1380 |     143 |   9.4 |      24 |       1 |   4.0
        D:9 |    1542 |    2727 |  63.9 |      25 |      28 |  52.8
       D:10 |    4608 |       0 |   0.0 |      37 |       0 |   0.0
       D:11 |    3665 |       0 |   0.0 |      37 |       0 |   0.0
       D:12 |    2388 |    3190 |  57.2 |      17 |       8 |  32.0
       D:13 |    2353 |       0 |   0.0 |       6 |       0 |   0.0
   Gauntlet |       0 |    3336 | 100.0 |       0 |      11 | 100.0
            +---------+---------+-------+---------+---------+-------
